 Dungeon Crawl Stone Soup version 0.20-a0-823-gdec668e (webtiles) character file.

2752 Amciq the Chucker (level 9, -5/87 HPs)
             Began as a Troll Hunter on Mar 5, 2017.
             Was a Follower of Cheibriados.
             Slain by a troll (10 damage)
             ... while paralysed by Grinder
             ... on level 6 of the Dungeon.
             The game lasted 00:20:59 (4755 turns).

Amciq the Chucker (Troll Hunter)                    Turns: 4755, Time: 00:21:00

Health: -5/87      AC:  6    Str: 28    XL:     9   Next: 41%
Magic:  7/9        EV:  1    Int: 10    God:    Cheibriados [*.....]
Gold:   331        SH:  0    Dex: 18    Spells: 8/8 levels left

rFire    . . .     SeeInvis .   H - +2 flail (venom)
rCold    + . .     Gourm    +   p - +1 robe {rF+}
rNeg     . . .     Faith    .   w - +0 large shield
rPois    .         Spirit   .   (helmet restricted)
rElec    .         Reflect  .   (no cloak)
rCorr    .         Harm     .   (gloves unavailable)
MR       .....                  (boots unavailable)
Stlth    ++........             m - amulet of regeneration
Regen    1.1/turn               z - +5 ring of dexterity
MPRegen  0.2/turn               k - ring of ice

@: paralysed, very slow
A: unfitting armour, claws 3, fast metabolism 3, gourmand, regeneration 1,
shaggy fur 1, tough skin 2
a: Bend Time, Renounce Religion


You were on level 6 of the Dungeon.
You worshipped Cheibriados.
Cheibriados was aware of your devotion.
You were very full.

You visited 1 branch of the dungeon, and saw 6 of its levels.
You also visited: Sewer.

You collected 331 gold pieces.

Inventory:

Hand Weapons
 H - a +2 flail of venom (weapon)
Missiles
 c - 9 large rocks (quivered)
 d - 2 throwing nets
Armour
 p - a +1 robe of fire resistance (worn)
 w - a +0 large shield (worn)
Jewellery
 k - a ring of ice (left claw)
 m - an amulet of regeneration (around neck)
 z - a +5 ring of dexterity (right claw)
Wands
 C - a wand of iceblast (5/15)
 G - a wand of digging (15/24)
Scrolls
 b - a scroll of remove curse
 g - 2 scrolls of teleportation
 l - a scroll of fog {unknown}
 x - 2 scrolls of enchant armour {unknown}
 y - a scroll of recharging {unknown}
 D - 2 scrolls of identify
 F - a scroll of random uselessness {unknown}
 I - 2 scrolls of blinking
Potions
 e - a potion of magic {unknown}
 i - 2 potions of flight {unknown}
 j - 3 potions of mutation {unknown}
 n - a potion of curing
 o - a potion of experience {unknown}
 q - 4 potions of heal wounds {unknown}
 r - a potion of agility {unknown}
 s - a potion of cancellation
 A - a potion of resistance {unknown}
 B - 2 potions of berserk rage {unknown}
 E - a potion of haste {unknown}
Comestibles
 a - 10 fruits
 f - 3 bread rations
 h - 5 royal jellies
 t - a meat ration


   Skills:
 + Level 4.8 Fighting
 * Level 2.0 Maces & Flails
 * Level 6.5 Throwing
 + Level 4.2 Armour
 + Level 4.5 Dodging
 - Level 0.3 Stealth
 * Level 4.5 Shields
 * Level 2.3 Invocations


You had 8 spell levels left.
You didn't know any spells.

Dungeon Overview and Level Annotations

Branches:
Dungeon (6/15)             Temple (0/1) D:6

Altars:
Ashenzari
Cheibriados
Kikubaaqudgha
Nemelex Xobeh
Qazlal
Sif Muna
Vehumet

Shops:
D:5 [

Annotations:
D:6 Grinder


Innate Abilities, Weirdness & Mutations

You are too large for most types of armour.
You have claws for hands.
Your metabolism is lightning-fast.
You like to eat raw meat.
Your natural rate of healing is unusually fast.
You are covered in fur. (AC +1)
You have very tough skin. (AC +2)


Message History

The troll is no longer moving slowly.
Grinder gestures at you.
You struggle to resist.
You block the troll's attack. The troll claws you but does no damage.
The troll claws you.
You closely miss the troll.
The troll is severely wounded.
Grinder gestures at you.
You suddenly lose the ability to move!
The troll bites you! The troll claws you! The troll claws you.
Grinder hits you.
You writhe in agony.
The troll bites you but does no damage.
The troll claws you but does no damage. x2
Grinder blinks!
The troll bites you. The troll claws you.
* * * LOW HITPOINT WARNING * * *
The troll claws you!
* * * LOW HITPOINT WARNING * * *
The troll barely misses you. x2; The troll claws you!
* * * LOW HITPOINT WARNING * * *
The troll bites you!
You die...

#.# #.# #.#
#.# #.# #.#
#.# .
##.####....
#..@T5.....
######.....
... .


You could see Grinder and a troll.

Vanquished Creatures
  Pikel (D:5)
  The ghost of Zyrax the Cudgeler, a novice DsGl (D:6)
  Sigmund (D:4)
  Menkaure (D:4)
  Duvessa (D:5)
  An ice beast (D:5)
  A sky beast (D:5)
  An orc warrior (D:6)
  An ogre (D:5)
  The ghost of Zyrax the Cudgeler, an amateur DsGl (D:3)
  Blork the orc (D:4)
  3 big kobolds (Sewer)
  Dowan (D:5)
  2 howler monkeys (D:4)
  A crimson imp (D:4)
  A bullfrog zombie (D:5)
  An orc priest (D:3)
  A hound (D:4)
  An orc wizard (D:5)
  2 iguanas (D:4)
  Ijyb (D:2)
  Natasha (twice) (D:2)
  Terence (D:2)
  3 worker ants
  A mummy (D:4)
  4 gnolls (D:2)
  14 adders
  5 river rats (Sewer)
  4 oozes
  An adder skeleton (D:4)
  10 worms
  5 leopard geckos
  8 orcs
  12 bats
  9 giant cockroaches
  9 hobgoblins
  9 jackals
  9 kobolds
  3 quokkas
  5 ball pythons
  2 frilled lizards
  10 goblins
  A quokka skeleton (D:4)
  11 rats
163 creatures vanquished.

Vanquished Creatures (others)
  Edmund (D:5)
  2 slaves (D:5)
  A centaur zombie (D:5)
  A bullfrog skeleton (D:5)
  3 orcs (D:3)
  4 toadstools (D:1)
12 creatures vanquished.

Grand Total: 175 creatures vanquished

Notes
Turn   | Place    | Note
-------+----------+-------------------------------------------
     0 | D:1      | Amciq the Troll Hunter began the quest for the Orb.
     0 | D:1      | Reached XP level 1. HP: 19/19 MP: 0/0
   116 | D:1      | Reached XP level 2. HP: 27/28 MP: 1/1
   204 | D:1      | Reached skill level 1 in Armour
   384 | D:1      | Reached XP level 3. HP: 35/35 MP: 2/2
   756 | D:2      | Noticed Terence
   769 | D:2      | Killed Terence
   769 | D:2      | Reached skill level 4 in Throwing
   831 | D:2      | Reached XP level 4. HP: 36/42 MP: 3/3
   915 | D:2      | Noticed Ijyb
   918 | D:2      | Killed Ijyb
  1022 | D:2      | Reached XP level 5. HP: 26/50 MP: 4/4
  1086 | D:2      | Noticed Natasha
  1098 | D:2      | Killed Natasha
  1252 | D:2      | Noticed Natasha
  1266 | D:2      | Killed Natasha
  1588 | D:3      | Noticed Zyrax's ghost (amateur DsGl)
  1599 | D:3      | Killed Zyrax's ghost
  1599 | D:3      | Reached XP level 6. HP: 37/61 MP: 5/5
  2295 | D:4      | Found a deep blue altar of Sif Muna.
  2297 | D:4      | Found an ancient bone altar of Kikubaaqudgha.
  2298 | D:4      | Found a radiant altar of Vehumet.
  2437 | D:4      | Noticed Sigmund
  2449 | D:4      | Killed Sigmund
  2449 | D:4      | Reached skill level 5 in Throwing
  2449 | D:4      | Reached skill level 1 in Shields
  2449 | D:4      | Reached XP level 7. HP: 63/67 MP: 6/6
  2482 | D:4      | Noticed Blork the orc
  2492 | D:4      | Killed Blork the orc
  2657 | D:4      | Noticed Menkaure
  2664 | D:4      | Killed Menkaure
  2835 | D:4      | Found a snail-covered altar of Cheibriados.
  2841 | D:4      | Became a worshipper of Cheibriados the Contemplative
  2946 | D:4      | Found a shattered altar of Ashenzari.
  2972 | D:4      | Reached XP level 8. HP: 66/78 MP: 7/7
  3233 | D:5      | Entered Level 5 of the Dungeon
  3329 | D:5      | Noticed Dowan
  3330 | D:5      | Noticed Duvessa
  3355 | D:5      | Killed Duvessa
  3356 | D:5      | Killed Dowan
  3397 | D:5      | Found a sparkling altar of Nemelex Xobeh.
  3456 | D:5      | Found Xaadauk's Antique Armour Shop.
  3457 | D:5      | Noticed Pikel
  3463 | D:5      | Noticed Edmund
  3480 | D:5      | Killed Pikel
  3480 | D:5      | Reached skill level 6 in Throwing
  3487 | D:5      | HP: 1/79 [worker ant (6)]
  3493 | D:5      | Killed Edmund
  3541 | D:5      | Found a stormy altar of Qazlal.
  3772 | D:5      | Found a glowing drain.
  3782 | Sewer    | Entered a sewer
  3963 | Sewer    | Reached skill level 1 in Maces & Flails
  3963 | Sewer    | Reached XP level 9. HP: 69/85 MP: 8/8
  4024 | Sewer    | Reached * piety under Cheibriados
  4299 | D:5      | Reached skill level 1 in Invocations
  4553 | D:6      | Found a staircase to the Ecumenical Temple.
  4648 | D:6      | Noticed Zyrax's ghost (novice DsGl)
  4670 | D:6      | Killed Zyrax's ghost
  4741 | D:6      | Noticed a troll
  4745 | D:6      | Noticed Grinder
  4751 | D:6      | Paralysed by Grinder for 5 turns
  4754 | D:6      | HP: 4/87 [troll (11)]
  4755 | D:6      | Slain by a troll

Vault maps used:
D:1:      ldierk_walled_garden_2, minmay_split_cup_small
D:2:      uniq_terence, uniq_iyjb, uniq_natasha
D:3:      lemuel_old_faithful
D:4:      grunt_temple_overflow_magic_moments, nicolae_ashenzari_panopticon,
          chei_slow_surprise, uniq_sigmund, uniq_blork_the_orc, uniq_menkaure
D:5:      grunt_qazlal_sundering, first_bread, basic_altar,
          portal_sewer_entry_b, serial_shops, nicolae_shop_trees, minivault_24,
          nrook_loot_triangle, uniq_edmund, uniq_pikel, uniq_duvessa
D:6:      kb_forest_paths, minmay_temple_entry_large_hall, feat_on_display,
          uniq_prince_ribbit1, uniq_grinder
Sewer:    sewer_co_tree

Skill      XL: |  1  2  3  4  5  6  7  8  9 |
---------------+----------------------------+-----
Armour         | 1 2 3 4 |  4.2
Fighting       | 2 3 4 |  4.8
Throwing       | 4 5 6 |  6.5
Dodging        | 2 3 4 |  4.5
Shields        | 1 2 3 4 |  4.5
Maces & Flails | 1 2 |  2.0
Invocations    | 2 |  2.3
Stealth        | |  0.3

Action                   |  1- 3 |  4- 6 |  7- 9 || total
-------------------------+-------+-------+-------++-------
Melee: Short sword       |   103 |       |       ||   103
       Hand axe          |     7 |   202 |   130 ||   339
       Flail             |       |       |   143 ||   143
Invok: Bend Time         |       |       |     9 ||     9
  Use: Scroll            |     2 |     1 |     3 ||     6
       Potion            |     1 |       |     1 ||     2
 Stab: Sleeping          |       |       |     4 ||     4
  Eat: Chunk             |     5 |    22 |    23 ||    50
       Royal jelly       |     1 |       |       ||     1
Armor: Robe              |    56 |    75 |    74 ||   205
Dodge: Dodged            |    62 |    97 |    67 ||   226
Block: Large shield      |       |    55 |   214 ||   269
